[Event "72nd MNE-ch 2020"]
[Site "Podgorica"]
[Date "2020.09.13"]
[Round "4"]
[White "Milovic, Aleksandra"]
[Black "Alivodic, Dario"]
[Result "1-0"]
[ECO "A00"]
[WhiteElo "2198"]
[BlackElo "2103"]
[PlyCount "129"]
[EventDate "2020.09.11"]
[EventType "swiss"]
[EventRounds "9"]
[EventCountry "MNE"]
[TimeControl "5400+30"]

1. Nf3 d5 2. Nc3 e6 3. e4 Nf6 4. e5 Nfd7 5. b3 c5 6. Bb2 Nc6 7. Ne2 d4 8. c3 Ndxe5 9. Nxe5 Nxe5 10. Ng3 dxc3 11. dxc3 Qxd1+ 12. Rxd1 Bd7 13. Be2 O-O-O 14. O-O f6 15. f4 Nf7 16. Bh5 g6 17. Bf3 f5 18. c4 Rg8 19. Bf6 Bg7 20. Bxd8 Rxd8 21. Ne2 e5 22. Bd5 Nd6 23. fxe5 Bxe5 24. Nf4 Re8 25. Kh1 g5 26. Nd3 Bd4 27. Rde1 Ne4 28. g4 Bc3 29. Rc1 Bd4 30. gxf5 Nf6 31. Rce1 Nxd5 32. Rxe8+ Bxe8 33. cxd5 Bf7 34. Kg2 Bxd5+ 35. Kg3 Be4 36. Nc1 Bf6 37. Kg4 Kc7 38. Kh5 Kd6 39. Ne2 b5 40. Ng3 Bd5 41. Kh6 Ke7 42. Kxh7 Kf7 43. Kh6 a5 44. Rd1 Bd4 45. Kxg5 a4 46. bxa4 bxa4 47. a3 Bb3 48. Rxd4 cxd4 49. Kf4 Bd5 50. h4 Kf6 51. Ne4+ Kg7 52. Ke5 Bb3 53. Kxd4 Kh6 54. Nf6 Kg7 55. Ke5 Bd1 56. Ne4 Bb3 57. f6+ Kf8 58. h5 Kg8 59. Ng5 Bc2 60. h6 Bg6 61. h7+ Kh8 62. Kd6 Bh5 63. Ke7 Bg6 64. Ne6 Bh5 65. Nf4 1-0

[Event "72nd MNE-ch 2020"]
[Site "Podgorica"]
[Date "2020.09.13"]
[Round "4"]
[White "Popadic, Dragan"]
[Black "Karisik, Nenad"]
[Result "1/2-1/2"]
[ECO "A00"]
[WhiteElo "2171"]
[BlackElo "2106"]
[PlyCount "53"]
[EventDate "2020.09.11"]
[EventType "swiss"]
[EventRounds "9"]
[EventCountry "MNE"]
[TimeControl "5400+30"]

1. e4 c6 2. d4 d5 3. Nd2 dxe4 4. Nxe4 Nf6 5. Nc3 Bg4 6. Be2 Bxe2 7. Ncxe2 e5 8. Bg5 Nbd7 9. Nf3 e4 10. Nd2 Qa5 11. Bxf6 Nxf6 12. O-O O-O-O 13. Nc4 Qc7 14. Ng3 Bd6 15. Nxd6+ Qxd6 16. c3 h5 17. Re1 Rde8 18. Qc2 Qf4 19. Qc1 Qg4 20. h3 Qg6 21. Qf4 Re6 22. Qf5 Qxf5 23. Nxf5 g6 24. Ne3 Nd5 25. Rad1 b5 26. c4 Nxe3 27. fxe3 1/2-1/2

[Event "72nd MNE-ch 2020"]
[Site "Podgorica"]
[Date "2020.09.13"]
[Round "4"]
[White "Pobor, Milo"]
[Black "Milovic, Jovan"]
[Result "0-1"]
[ECO "A00"]
[WhiteElo "2143"]
[BlackElo "2276"]
[PlyCount "104"]
[EventDate "2020.09.11"]
[EventType "swiss"]
[EventRounds "9"]
[EventCountry "MNE"]
[TimeControl "5400+30"]

1. e4 d5 2. exd5 Nf6 3. d4 Bg4 4. Bb5+ Nbd7 5. f3 Bf5 6. Nc3 a6 7. Bd3 Bxd3 8. Qxd3 Nb6 9. Nge2 Nfxd5 10. Ne4 e5 11. dxe5 Nb4 12. Qb3 a5 13. a3 a4 14. Qc3 N6d5 15. Qd2 Nc6 16. f4 f5 17. Ng5 Nb6 18. Qc3 Qd5 19. O-O h6 20. Nf3 O-O-O 21. b3 Qb5 22. Ng3 g6 23. bxa4 Qxa4 24. Qb3 Bc5+ 25. Kh1 h5 26. Nh4 Nd4 27. Qc3 Qb5 28. a4 Qc6 29. a5 Nd5 30. Qc4 Rhg8 31. Rd1 Ne6 32. a6 bxa6 33. Qxa6+ Qxa6 34. Rxa6 Nb6 35. Rf1 Rd4 36. Ra2 Rc4 37. Ne2 Kb7 38. c3 Nd5 39. Rf3 Re4 40. Rf1 Be7 41. Nf3 Ra8 42. Rb2+ Kc8 43. Nfd4 Nxd4 44. Nxd4 Ra1 45. Nb5 Rxf4 46. Rd1 Rc4 47. g3 Nxc3 48. Rc2 Nxd1 49. Rxc4 c5 50. Nd6+ Bxd6 51. exd6 Kd7 52. Rxc5 Nf2+ 0-1

[Event "72nd MNE-ch 2020"]
[Site "Podgorica"]
[Date "2020.09.13"]
[Round "4"]
[White "Vujovic, Savo"]
[Black "Lazarevic, Zoran V"]
[Result "1-0"]
[ECO "A00"]
[WhiteElo "2082"]
[BlackElo "2132"]
[PlyCount "59"]
[EventDate "2020.09.11"]
[EventType "swiss"]
[EventRounds "9"]
[EventCountry "MNE"]
[TimeControl "5400+30"]

1. e4 c5 2. Nf3 d6 3. d4 cxd4 4. Nxd4 Nf6 5. Nc3 a6 6. Bg5 e6 7. f4 Be7 8. Qf3 Qc7 9. O-O-O Nbd7 10. g4 b5 11. Bxf6 Bxf6 12. Bxb5 axb5 13. Ndxb5 Qc6 14. Rxd6 Qb7 15. Rxe6+ Kf8 16. Nd6 fxe6 17. Nxb7 Bxb7 18. Rd1 Nc5 19. Qe3 Be7 20. f5 h6 21. Kb1 Kf7 22. fxe6+ Kg6 23. Nd5 Bxd5 24. exd5 Rhd8 25. c4 Rab8 26. d6 Rxd6 27. Rxd6 Bxd6 28. Qd2 Rd8 29. Qc2+ Kg5 30. Qf5+ 1-0

[Event "72nd MNE-ch 2020"]
[Site "Podgorica"]
[Date "2020.09.13"]
[Round "4"]
[White "Vuckovic, Marko"]
[Black "Cadjenovic, Dragan"]
[Result "1-0"]
[ECO "A00"]
[WhiteElo "2059"]
[BlackElo "1841"]
[PlyCount "55"]
[EventDate "2020.09.11"]
[EventType "swiss"]
[EventRounds "9"]
[EventCountry "MNE"]
[TimeControl "5400+30"]

1. e4 e5 2. Nf3 Nc6 3. d4 exd4 4. Nxd4 Nxd4 5. Qxd4 d6 6. Nc3 Nf6 7. Be3 Be7 8. f3 c6 9. O-O-O O-O 10. g4 Qa5 11. Kb1 Rd8 12. g5 Ne8 13. Rg1 b5 14. f4 b4 15. Ne2 Be6 16. b3 c5 17. Qb2 Qc7 18. f5 Bd7 19. Nf4 Bc6 20. Bc4 Bxe4 21. g6 hxg6 22. fxg6 Bxg6 23. Rxg6 Bf6 24. Qc1 Be5 25. Rdg1 Kf8 26. Qf1 Kg8 27. Ne6 Qe7 28. Nxd8 1-0

[Event "72nd MNE-ch 2020"]
[Site "Podgorica"]
[Date "2020.09.13"]
[Round "4"]
[White "Petrusic, Goran"]
[Black "Sabotic, Denis"]
[Result "1-0"]
[ECO "A00"]
[WhiteElo "1935"]
[BlackElo "1708"]
[PlyCount "65"]
[EventDate "2020.09.11"]
[EventType "swiss"]
[EventRounds "9"]
[EventCountry "MNE"]
[TimeControl "5400+30"]

1. c4 e5 2. Nc3 c6 3. d3 Nf6 4. Nf3 d6 5. g3 Be7 6. Bg2 Be6 7. O-O Nbd7 8. b3 O-O 9. Bb2 Re8 10. Rc1 h5 11. h3 Nh7 12. e4 Ndf6 13. Kh2 g5 14. Ng1 g4 15. d4 gxh3 16. Nxh3 Ng4+ 17. Kg1 h4 18. Ne2 hxg3 19. Nxg3 Bh4 20. Nf5 Bxf5 21. exf5 Ngf6 22. dxe5 dxe5 23. Qxd8 Raxd8 24. Rcd1 Ng4 25. Bf3 Nh6 26. Rxd8 Bxd8 27. Be4 Ng5 28. Nxg5 Bxg5 29. Rd1 Re7 30. Rd8+ Kg7 31. Ba3 Rc7 32. Bf8+ Kh7 33. f6+ 1-0

[Event "72nd MNE-ch 2020"]
[Site "Podgorica"]
[Date "2020.09.13"]
[Round "4"]
[White "Skenderovic, Ismet"]
[Black "Petrovic, Slavko"]
[Result "1/2-1/2"]
[ECO "A00"]
[WhiteElo "1913"]
[BlackElo "1909"]
[PlyCount "61"]
[EventDate "2020.09.11"]
[EventType "swiss"]
[EventRounds "9"]
[EventCountry "MNE"]
[TimeControl "5400+30"]

1. d4 d5 2. Nf3 Nd7 3. Bf4 e6 4. e3 Be7 5. Bd3 f5 6. Nbd2 Nf8 7. Be5 Nf6 8. Bxf6 Bxf6 9. c4 c6 10. Rc1 Ng6 11. Qc2 Ne7 12. cxd5 exd5 13. O-O O-O 14. g3 Qd6 15. Qc3 Ng6 16. h4 Re8 17. b4 a6 18. Nb3 Nh8 19. a3 Nf7 20. Rfe1 Nh6 21. Bb1 Ng4 22. Nh2 Nxh2 23. Kxh2 Bxh4 24. Kg2 Be7 25. Rh1 h6 26. Nc5 Qf6 27. Nd3 Bd6 28. Rce1 Re7 29. f4 Be6 30. Ne5 Bxe5 31. dxe5 1/2-1/2

[Event "72nd MNE-ch 2020"]
[Site "Podgorica"]
[Date "2020.09.13"]
[Round "4"]
[White "Koljevic, Nikolina"]
[Black "Lakusic, Zoran"]
[Result "1-0"]
[ECO "A00"]
[WhiteElo "1870"]
[BlackElo "1711"]
[PlyCount "57"]
[EventDate "2020.09.11"]
[EventType "swiss"]
[EventRounds "9"]
[EventCountry "MNE"]
[TimeControl "5400+30"]

1. e4 c5 2. Nf3 d6 3. d4 cxd4 4. Qxd4 Nc6 5. Bb5 Bd7 6. Bxc6 Bxc6 7. Nc3 Qb6 8. Qd3 e5 9. O-O Nf6 10. Be3 Qc7 11. Bg5 Be7 12. Nh4 g6 13. f4 Nh5 14. Nf3 Nxf4 15. Bxf4 exf4 16. Nd4 g5 17. Qc4 Qd7 18. Nf5 Rg8 19. Rad1 Rg6 20. Qd4 f6 21. Rd3 b6 22. Nd5 Bxd5 23. Qxd5 Rd8 24. Rff3 Rc8 25. Rc3 Rc5 26. Qa8+ Qd8 27. Qxa7 g4 28. Rxc5 dxc5 29. Rb3 1-0

[Event "72nd MNE-ch 2020"]
[Site "Podgorica"]
[Date "2020.09.13"]
[Round "4"]
[White "Popovic, Mateja"]
[Black "Kandic, Milojko"]
[Result "1/2-1/2"]
[ECO "A00"]
[WhiteElo "1550"]
[BlackElo "1961"]
[PlyCount "93"]
[EventDate "2020.09.11"]
[EventType "swiss"]
[EventRounds "9"]
[EventCountry "MNE"]
[TimeControl "5400+30"]

1. d4 d5 2. c4 e5 3. dxe5 d4 4. Nf3 c5 5. Bf4 Nc6 6. e3 Nge7 7. a3 Ng6 8. Bg3 Qb6 9. Qc2 Bf5 10. Qxf5 Qxb2 11. Nfd2 d3 12. Qxd3 Rd8 13. Qc3 Rxd2 14. Qxb2 Rxb2 15. f4 Be7 16. Nd2 b6 17. Bd3 O-O 18. Ke2 f6 19. Be4 Na5 20. Bd5+ Kh8 21. h4 Rd8 22. Rhd1 fxe5 23. h5 exf4 24. hxg6 fxg3 25. gxh7 Bf6 26. Rab1 Rxb1 27. Rxb1 Kxh7 28. Kf3 Be5 29. Ne4 Re8 30. Rh1+ Kg6 31. Rh4 Rf8+ 32. Kg4 Rf1 33. Rh5 Bf6 34. Nxg3 Rc1 35. Ne2 Rxc4+ 36. Nf4+ Rxf4+ 37. exf4 Bb2 38. Rf5 Bf6 39. Rh5 Bb2 40. a4 c4 41. Rg5+ Kf6 42. Rf5+ Ke7 43. Rf7+ Kd6 44. Be4 Nc6 45. Kf3 a5 46. Ke3 Bd4+ 47. Kd2 1/2-1/2

[Event "72nd MNE-ch 2020"]
[Site "Podgorica"]
[Date "2020.09.13"]
[Round "4"]
[White "Mosurovic, Milena"]
[Black "Kalezic, Bojan"]
[Result "0-1"]
[ECO "A00"]
[WhiteElo "1353"]
[BlackElo "1855"]
[PlyCount "60"]
[EventDate "2020.09.11"]
[EventType "swiss"]
[EventRounds "9"]
[EventCountry "MNE"]
[TimeControl "5400+30"]

1. e4 c5 2. Nc3 Nc6 3. g3 g6 4. Bg2 Bg7 5. d3 d6 6. Be3 e6 7. Qd2 Nd4 8. Nge2 Ne7 9. O-O O-O 10. Nd1 Rb8 11. Nc1 e5 12. c3 Ndc6 13. Bh6 f5 14. Bxg7 Kxg7 15. f4 Be6 16. Ne2 d5 17. exf5 Bxf5 18. Ne3 d4 19. Nxf5+ Nxf5 20. Bxc6 bxc6 21. fxe5 Re8 22. cxd4 cxd4 23. Rac1 Qd7 24. Rc5 Rb5 25. Rfc1 Rxe5 26. Rxc6 Rb7 27. Nf4 Ne3 28. Qf2 Qf7 29. Ng2 Qxf2+ 30. Kxf2 Rxb2+ 0-1

[Event "72nd MNE-ch 2020"]
[Site "Podgorica"]
[Date "2020.09.13"]
[Round "5"]
[White "Blagojevic, Dragisa"]
[Black "Podlesnik, Bogdan"]
[Result "1/2-1/2"]
[ECO "A00"]
[WhiteElo "2492"]
[BlackElo "2354"]
[PlyCount "53"]
[EventDate "2020.09.11"]
[EventType "swiss"]
[EventRounds "9"]
[EventCountry "MNE"]
[TimeControl "5400+30"]

1. d4 Nf6 2. c4 e6 3. Nf3 b6 4. g3 Ba6 5. b3 d5 6. Bg2 dxc4 7. Ne5 Bb4+ 8. Kf1 Bd6 9. Nxc4 Nd5 10. e4 Ne7 11. Bb2 Nbc6 12. Nbd2 O-O 13. Kg1 b5 14. Nxd6 cxd6 15. h4 d5 16. e5 Qb6 17. Nf3 b4 18. Qd2 Bb5 19. Kh2 a5 20. a4 bxa3 21. Bxa3 Ba6 22. Bxe7 Nxe7 23. Qxa5 Qxb3 24. Rhb1 Qc2 25. Qb6 Qc8 26. Rc1 Bc4 27. Nd2 1/2-1/2

[Event "72nd MNE-ch 2020"]
[Site "Podgorica"]
[Date "2020.09.13"]
[Round "5"]
[White "Tomic, Aleksandar"]
[Black "Draskovic, Luka"]
[Result "1/2-1/2"]
[ECO "A00"]
[WhiteElo "2373"]
[BlackElo "2472"]
[PlyCount "51"]
[EventDate "2020.09.11"]
[EventType "swiss"]
[EventRounds "9"]
[EventCountry "MNE"]
[TimeControl "5400+30"]

1. d4 e6 2. e4 d5 3. e5 c5 4. c3 Bd7 5. Nf3 Qb6 6. Na3 cxd4 7. cxd4 Bb4+ 8. Bd2 Ne7 9. Bd3 Nbc6 10. Nc2 Bxd2+ 11. Qxd2 Qxb2 12. O-O Qb6 13. Qg5 Ng6 14. Rab1 Qc7 15. h4 h6 16. Qg3 O-O 17. Ne3 Kh8 18. Ng4 Nge7 19. h5 Rab8 20. Rfc1 f5 21. exf6 Qxg3 22. fxg7+ Kxg7 23. fxg3 Be8 24. Nge5 Nxe5 25. Nxe5 Nc6 26. Nxc6 1/2-1/2

[Event "72nd MNE-ch 2020"]
[Site "Podgorica"]
[Date "2020.09.13"]
[Round "5"]
[White "Nikac, Predrag"]
[Black "Sukovic, Andrej"]
[Result "1-0"]
[ECO "A00"]
[WhiteElo "2312"]
[BlackElo "2261"]
[PlyCount "131"]
[EventDate "2020.09.11"]
[EventType "swiss"]
[EventRounds "9"]
[EventCountry "MNE"]
[TimeControl "5400+30"]

1. e4 c5 2. Nf3 d6 3. d4 cxd4 4. Nxd4 Nf6 5. Nc3 a6 6. f4 e5 7. Nf3 Nbd7 8. Bc4 Be7 9. fxe5 dxe5 10. O-O O-O 11. a4 Qc7 12. Qe2 Nb6 13. Bb3 Bg4 14. Bg5 Nbd7 15. h3 Be6 16. Nh4 h6 17. Bxf6 Bxf6 18. Nf5 Kh7 19. Rad1 Rad8 20. Kh1 Nc5 21. Bd5 Bg5 22. Qc4 Qb6 23. b4 Nd7 24. a5 Bxd5 25. Nxd5 Qe6 26. h4 Rc8 27. Qd3 Bd8 28. c4 g6 29. c5 gxf5 30. exf5 Qc6 31. f6+ Kh8 32. Qd2 Kh7 33. Ne7 Bxe7 34. fxe7 Rg8 35. Rxf7+ Kh8 36. e8=Q Rcxe8 37. Rxd7 Qf6 38. Rd6 Qxh4+ 39. Kg1 Kh7 40. Rf1 Rg5 41. Rf7+ Kg8 42. Qd5 Kh8 43. Qd3 Qe1+ 44. Rf1 Qh4 45. Qf3 Reg8 46. Qf6+ R8g7 47. Qxh6+ Qxh6 48. Rxh6+ Kg8 49. Rf2 R7g6 50. Rxg6+ Rxg6 51. Rd2 Rg7 52. Rd8+ Kh7 53. Re8 Rg4 54. Re7+ Kg6 55. Rxb7 Rc4 56. Kf2 Kf5 57. Ke3 Rc3+ 58. Kd2 Rc4 59. Kd3 Rd4+ 60. Kc3 Ke4 61. c6 Rd1 62. Kb2 Rd2+ 63. Kc3 Rd1 64. c7 Rc1+ 65. Kd2 Rc4 66. b5 1-0

[Event "72nd MNE-ch 2020"]
[Site "Podgorica"]
[Date "2020.09.13"]
[Round "5"]
[White "Milovic, Jovan"]
[Black "Pecurica, Milos"]
[Result "1-0"]
[ECO "A00"]
[WhiteElo "2276"]
[BlackElo "2359"]
[PlyCount "75"]
[EventDate "2020.09.11"]
[EventType "swiss"]
[EventRounds "9"]
[EventCountry "MNE"]
[TimeControl "5400+30"]

1. d4 Nf6 2. Bg5 d5 3. Bxf6 gxf6 4. e3 c5 5. c4 dxc4 6. d5 Nd7 7. Bxc4 Nb6 8. Bb5+ Bd7 9. Be2 Bg7 10. Nc3 f5 11. Bf3 Nc4 12. Qc2 Rb8 13. Nge2 b5 14. O-O O-O 15. Ng3 Nxb2 16. Qxb2 b4 17. Qc2 Bxc3 18. Rad1 Qb6 19. Nxf5 Bxf5 20. Qxf5 Qf6 21. Qh3 a5 22. Be4 h6 23. Bc2 Kh8 24. f4 c4 25. e4 b3 26. axb3 cxb3 27. Bb1 Qb6+ 28. Kh1 Bg7 29. e5 Rfd8 30. Qd3 Kg8 31. Qh7+ Kf8 32. Rf3 h5 33. d6 h4 34. f5 Qb4 35. f6 exf6 36. exf6 Qg4 37. fxg7+ Qxg7 38. Rxf7+ 1-0

[Event "72nd MNE-ch 2020"]
[Site "Podgorica"]
[Date "2020.09.13"]
[Round "5"]
[White "Milovic, Aleksandra"]
[Black "Musovic, Armin"]
[Result "0-1"]
[ECO "A00"]
[WhiteElo "2198"]
[BlackElo "2207"]
[PlyCount "114"]
[EventDate "2020.09.11"]
[EventType "swiss"]
[EventRounds "9"]
[EventCountry "MNE"]
[TimeControl "5400+30"]

1. e4 c6 2. d4 d5 3. Nc3 dxe4 4. Nxe4 Nf6 5. Nxf6+ exf6 6. c3 Bd6 7. Bd3 O-O 8. Ne2 Re8 9. O-O Qc7 10. g3 Nd7 11. Bf4 Nf8 12. Bxd6 Qxd6 13. Nf4 Ne6 14. Nxe6 Bxe6 15. Qc2 h5 16. h4 Bh3 17. Rfe1 Rxe1+ 18. Rxe1 Qd5 19. Bh7+ Kh8 20. Be4 Qxa2 21. Bf3 g6 22. c4 Qa5 23. Re7 Kg7 24. d5 Rd8 25. Kh2 Qc5 26. Rxb7 cxd5 27. Bxd5 Rxd5 28. Rb5 Rd2 29. Qxd2 Qxc4 30. Ra5 Qf1 31. f3 a6 32. Ra3 Be6 33. Rc3 Qh3+ 34. Kg1 Qxg3+ 35. Kf1 Qxh4 36. Ke2 Qb4 37. Kd1 Bb3+ 38. Kc1 Qa4 39. Qd3 Be6 40. Ra3 Qf4+ 41. Kd1 h4 42. Qe4 Qxe4 43. fxe4 h3 44. Ke2 h2 45. Ra1 f5 46. Rh1 fxe4 47. Ke3 f5 48. Rxh2 Kf6 49. Kd4 Bd7 50. b4 Bb5 51. Rh8 Bd3 52. Ke3 g5 53. Rf8+ Ke5 54. Re8+ Kd5 55. Rg8 f4+ 56. Kd2 Kd4 57. Rd8+ Kc4 0-1

[Event "72nd MNE-ch 2020"]
[Site "Podgorica"]
[Date "2020.09.13"]
[Round "5"]
[White "Bujisic, Vlastimir"]
[Black "Vuckovic, Marko"]
[Result "1-0"]
[ECO "A00"]
[WhiteElo "2191"]
[BlackElo "2059"]
[PlyCount "79"]
[EventDate "2020.09.11"]
[EventType "swiss"]
[EventRounds "9"]
[EventCountry "MNE"]
[TimeControl "5400+30"]

1. e4 c5 2. Nf3 e6 3. d4 cxd4 4. Nxd4 Nc6 5. Nc3 Qc7 6. Be3 a6 7. Nxc6 bxc6 8. Na4 Nf6 9. Nb6 Rb8 10. Nxc8 Qxc8 11. Bd3 d5 12. exd5 cxd5 13. Bd4 Be7 14. Qe2 O-O 15. Bxa6 Qc7 16. a4 Nd7 17. Bb5 Bc5 18. Bxc5 Nxc5 19. O-O e5 20. c4 d4 21. b4 Ne6 22. c5 Nf4 23. Qd2 Qe7 24. g3 Qe6 25. f3 Nd5 26. Bc4 Qc6 27. Bxd5 Qxd5 28. Rab1 Kh8 29. Qd3 f5 30. Rfd1 g5 31. Re1 h5 32. Qb3 Rfd8 33. Qxd5 Rxd5 34. c6 d3 35. b5 Rc5 36. Rec1 Rxc1+ 37. Rxc1 e4 38. fxe4 fxe4 39. Kf2 d2 40. Rd1 1-0

[Event "72nd MNE-ch 2020"]
[Site "Podgorica"]
[Date "2020.09.13"]
[Round "5"]
[White "Miletic, Vuk"]
[Black "Koljevic, Nikolina"]
[Result "1-0"]
[ECO "A00"]
[WhiteElo "2159"]
[BlackElo "1870"]
[PlyCount "67"]
[EventDate "2020.09.11"]
[EventType "swiss"]
[EventRounds "9"]
[EventCountry "MNE"]
[TimeControl "5400+30"]

1. d4 d5 2. c4 e6 3. Nc3 c5 4. cxd5 exd5 5. Nf3 Nc6 6. g3 Nf6 7. Bg2 Be7 8. O-O O-O 9. Bg5 cxd4 10. Nxd4 h6 11. Be3 Bg4 12. h3 Be6 13. Rc1 Qd7 14. Kh2 Rfd8 15. Nxc6 bxc6 16. Na4 Ne4 17. Nc5 Bxc5 18. Bxc5 Qc7 19. Bd4 Re8 20. b3 Bf5 21. Bb2 Rac8 22. Qd4 f6 23. h4 Re6 24. Rfd1 g5 25. hxg5 hxg5 26. Rh1 Qb6 27. Kg1 Qxd4 28. Bxd4 g4 29. Rh5 Nd6 30. Bxd5 cxd5 31. Rxc8+ Nxc8 32. Rxf5 Rxe2 33. Rxd5 Ne7 34. Rd7 1-0

[Event "72nd MNE-ch 2020"]
[Site "Podgorica"]
[Date "2020.09.13"]
[Round "5"]
[White "Karisik, Nenad"]
[Black "Nikcevic, Nebojsa"]
[Result "0-1"]
[ECO "A00"]
[WhiteElo "2106"]
[BlackElo "2413"]
[PlyCount "54"]
[EventDate "2020.09.11"]
[EventType "swiss"]
[EventRounds "9"]
[EventCountry "MNE"]
[TimeControl "5400+30"]

1. e4 e5 2. Nf3 Nc6 3. Bb5 a6 4. Ba4 b5 5. Bb3 Na5 6. d4 exd4 7. Bg5 Be7 8. Qxd4 Nxb3 9. axb3 Bxg5 10. Qd5 Rb8 11. Nxg5 Qe7 12. O-O Nf6 13. Qd4 O-O 14. e5 Nh5 15. f4 f6 16. exf6 Qxf6 17. Qd5+ Kh8 18. Qd3 Qb6+ 19. Kh1 Qh6 20. Nc3 Bb7 21. Nd5 Bxd5 22. Qxd5 Ng3+ 23. Kg1 Nxf1 24. Rxf1 Qb6+ 25. Kh1 Qf6 26. Rf3 Rbe8 27. h3 h6 0-1

[Event "72nd MNE-ch 2020"]
[Site "Podgorica"]
[Date "2020.09.13"]
[Round "5"]
[White "Alivodic, Dario"]
[Black "Mosurovic, Milena"]
[Result "1-0"]
[ECO "A00"]
[WhiteElo "2103"]
[BlackElo "1353"]
[PlyCount "85"]
[EventDate "2020.09.11"]
[EventType "swiss"]
[EventRounds "9"]
[EventCountry "MNE"]
[TimeControl "5400+30"]

1. d4 d5 2. Nc3 Nf6 3. Bf4 a6 4. e3 Bf5 5. Nge2 e6 6. Ng3 Bg6 7. h4 h6 8. h5 Bh7 9. Bd3 Bxd3 10. cxd3 Bd6 11. Be5 Nc6 12. f4 Qe7 13. a3 Bxe5 14. dxe5 Nd7 15. d4 Nb6 16. O-O Nc4 17. Qe2 O-O 18. Rf3 f6 19. exf6 Rxf6 20. b3 Nb6 21. Qd3 Re8 22. Nd1 Rf7 23. Nf2 Nd7 24. Ng4 Nf6 25. Qg6 Nxg4 26. Qxg4 Rf6 27. b4 Na7 28. Nf1 b6 29. Rf2 c5 30. bxc5 bxc5 31. dxc5 Qxc5 32. Rb1 Qe7 33. a4 Rff8 34. Rfb2 Nc8 35. Nd2 d4 36. e4 e5 37. fxe5 Qxe5 38. Rb7 Rf7 39. Rxf7 Kxf7 40. Rb7+ Kg8 41. Nf3 Qf6 42. e5 Qf8 43. Nxd4 1-0

[Event "72nd MNE-ch 2020"]
[Site "Podgorica"]
[Date "2020.09.13"]
[Round "5"]
[White "Djurovic, Peko"]
[Black "Popadic, Dragan"]
[Result "1/2-1/2"]
[ECO "A00"]
[WhiteElo "2003"]
[BlackElo "2171"]
[PlyCount "71"]
[EventDate "2020.09.11"]
[EventType "swiss"]
[EventRounds "9"]
[EventCountry "MNE"]
[TimeControl "5400+30"]

1. e4 c5 2. Nf3 Nc6 3. d4 cxd4 4. Nxd4 Nf6 5. Nc3 e5 6. Ndb5 d6 7. Bg5 a6 8. Bxf6 gxf6 9. Na3 b5 10. Nd5 Bg7 11. Bd3 Ne7 12. O-O Nxd5 13. exd5 f5 14. c3 O-O 15. Nc2 f4 16. a4 bxa4 17. Rxa4 f5 18. Nb4 f3 19. gxf3 Bh6 20. Nc6 Qf6 21. Kh1 Bf4 22. Rxf4 exf4 23. Qa4 Bd7 24. Qxf4 Kh8 25. Rg1 Rg8 26. Rg3 a5 27. Nd4 Rab8 28. b3 Rbf8 29. c4 Qe5 30. Qxe5+ dxe5 31. Ne6 Bxe6 32. dxe6 Rxg3 33. fxg3 Kg7 34. e7 Re8 35. Bxf5 Rxe7 36. Be4 1/2-1/2

[Event "72nd MNE-ch 2020"]
[Site "Podgorica"]
[Date "2020.09.13"]
[Round "5"]
[White "Kandic, Milojko"]
[Black "Lazarevic, Zoran V"]
[Result "1-0"]
[ECO "A00"]
[WhiteElo "1961"]
[BlackElo "2132"]
[PlyCount "86"]
[EventDate "2020.09.11"]
[EventType "swiss"]
[EventRounds "9"]
[EventCountry "MNE"]
[TimeControl "5400+30"]

1. e4 c5 2. Nf3 d6 3. c3 Nf6 4. Bc4 e6 5. d3 Be7 6. Nbd2 O-O 7. Bb3 b6 8. O-O Bb7 9. Re1 Qc7 10. Nf1 Nbd7 11. Ng3 Rfe8 12. Bf4 Nf8 13. Rc1 Ng6 14. Bg5 h6 15. Bd2 Rac8 16. d4 cxd4 17. cxd4 Qb8 18. h4 Qa8 19. h5 Nf8 20. Bc2 Rc6 21. Bc3 Rec8 22. Qd2 b5 23. a4 a6 24. axb5 axb5 25. Ra1 Qb8 26. Bd3 Ba6 27. Bb4 Qb7 28. Ra3 N6d7 29. Rea1 Nb8 30. d5 R6c7 31. e5 Rd7 32. dxe6 fxe6 33. exd6 Bd8 34. Ne5 Qd5 35. Nxd7 Bb7 36. Be4 Qxd2 37. Bxd2 Bxe4 38. Nxf8 Bd5 39. Ng6 Rc2 40. Bc3 Bb6 41. Ne7+ Kf7 42. Nxd5 Bxf2+ 43. Kh2 exd5 1-0

[Event "72nd MNE-ch 2020"]
[Site "Podgorica"]
[Date "2020.09.13"]
[Round "5"]
[White "Petrusic, Goran"]
[Black "Krstonijevic, Stjepan"]
[Result "1/2-1/2"]
[ECO "A00"]
[WhiteElo "1935"]
[BlackElo "2098"]
[PlyCount "46"]
[EventDate "2020.09.11"]
[EventType "swiss"]
[EventRounds "9"]
[EventCountry "MNE"]
[TimeControl "5400+30"]

1. e4 c5 2. Nc3 e6 3. g3 Nc6 4. Bg2 g6 5. d3 Bg7 6. Nge2 Nge7 7. Be3 Nd4 8. Qd2 h5 9. h4 Nec6 10. Nd1 Nxe2 11. Qxe2 b6 12. c3 Ba6 13. f4 Qc7 14. Nf2 O-O-O 15. O-O d5 16. e5 d4 17. Bd2 dxc3 18. bxc3 Rd7 19. Rfd1 Rhd8 20. Be1 Bf8 21. Kh2 Be7 22. Be4 Na5 23. a4 Rg8 1/2-1/2

[Event "72nd MNE-ch 2020"]
[Site "Podgorica"]
[Date "2020.09.13"]
[Round "5"]
[White "Petrovic, Slavko"]
[Black "Popovic, Mateja"]
[Result "1/2-1/2"]
[ECO "A00"]
[WhiteElo "1909"]
[BlackElo "1550"]
[PlyCount "82"]
[EventDate "2020.09.11"]
[EventType "swiss"]
[EventRounds "9"]
[EventCountry "MNE"]
[TimeControl "5400+30"]

1. e4 e5 2. Nf3 Nf6 3. Nc3 Bb4 4. d3 Nc6 5. Be2 d5 6. exd5 Nxd5 7. Bd2 Nxc3 8. bxc3 Bd6 9. Bg5 f6 10. Be3 O-O 11. Nd2 b6 12. f3 Ne7 13. c4 Nf5 14. Bf2 Qe7 15. c3 Bc5 16. Bxc5 Qxc5 17. Ne4 Qa5 18. Qd2 Bb7 19. O-O Bxe4 20. fxe4 Qc5+ 21. Rf2 Nd6 22. Re1 Rad8 23. Qc1 Nf7 24. Bf1 Ng5 25. Qe3 Qxe3 26. Rxe3 f5 27. g3 g6 28. h4 Ne6 29. Ref3 Kg7 30. a4 Rd6 31. Bh3 Nd8 32. Kf1 Nc6 33. Ke2 Na5 34. Re3 Rfd8 35. Rf1 h6 36. g4 g5 37. Rh1 Rh8 38. Bg2 Nc6 39. Kd2 Na5 40. Kc2 Nc6 41. Reh3 Rdd8 1/2-1/2

[Event "72nd MNE-ch 2020"]
[Site "Podgorica"]
[Date "2020.09.13"]
[Round "5"]
[White "Kalezic, Bojan"]
[Black "Vujovic, Savo"]
[Result "0-1"]
[ECO "A00"]
[WhiteElo "1855"]
[BlackElo "2082"]
[PlyCount "126"]
[EventDate "2020.09.11"]
[EventType "swiss"]
[EventRounds "9"]
[EventCountry "MNE"]
[TimeControl "5400+30"]

1. Nf3 Nf6 2. g3 e6 3. Bg2 d5 4. O-O Be7 5. d3 O-O 6. Nbd2 c5 7. e4 Nc6 8. Re1 Rb8 9. e5 Nd7 10. Nf1 b5 11. h4 b4 12. Bf4 Nb6 13. h5 Na4 14. h6 g6 15. Rb1 Ba6 16. Ne3 Nb6 17. Ng4 c4 18. d4 b3 19. axb3 cxb3 20. c3 Nc4 21. Qc1 Nb6 22. Qd2 Bb5 23. Bg5 Nd7 24. Qf4 a5 25. Bh3 Bd3 26. Ra1 Bxg5 27. Nxg5 Bf5 28. Nf6+ Nxf6 29. exf6 Bxh3 30. Nxh3 Na7 31. Ng5 Nb5 32. Rxe6 a4 33. Ra6 a3 34. R1xa3 Nxa3 35. Rxa3 Qd7 36. g4 Qc6 37. Nf3 Qe6 38. Ne5 Rb6 39. Ra7 Ra6 40. Rb7 Ra1+ 41. Kh2 Qa6 42. Rxf7 Rxf7 43. Nxf7 Kxf7 44. Qc7+ Kxf6 45. Qd8+ Ke6 46. Qe8+ Kd6 47. Qe5+ Kd7 48. Qg7+ Kc6 49. Qe7 Qb7 50. Qc5+ Kd7 51. Qf8 Kc6 52. c4 Qc7+ 53. Kg2 dxc4 54. Qc5+ Kb7 55. Qb5+ Ka7 56. d5 Ra5 57. Qe8 Rxd5 58. Qe3+ Qc5 59. Qe8 Qc7 60. Qe3+ Rc5 61. f3 c3 62. bxc3 b2 63. Qd3 Qb7 0-1

[Event "72nd MNE-ch 2020"]
[Site "Podgorica"]
[Date "2020.09.13"]
[Round "5"]
[White "Cadjenovic, Dragan"]
[Black "Lakusic, Zoran"]
[Result "1-0"]
[ECO "A00"]
[WhiteElo "1841"]
[BlackElo "1711"]
[PlyCount "112"]
[EventDate "2020.09.11"]
[EventType "swiss"]
[EventRounds "9"]
[EventCountry "MNE"]
[TimeControl "5400+30"]

1. e4 e5 2. Nf3 d6 3. d4 exd4 4. Nxd4 Nf6 5. Nc3 Be7 6. Be3 Bg4 7. f3 Bh5 8. Nf5 Bg6 9. Nxg7+ Kd7 10. Bd3 c6 11. Qd2 Kc7 12. O-O-O Nbd7 13. g4 Ne5 14. Be2 Qf8 15. Bh6 Qd8 16. Bf4 h5 17. h3 Nfd7 18. Nf5 Bxf5 19. exf5 f6 20. Qd4 b6 21. Rhf1 Kb7 22. Qe4 Nc5 23. Qd4 Ncd7 24. Qa4 Nc5 25. Qd4 Ncd7 26. Kb1 Rc8 27. Be3 hxg4 28. hxg4 d5 29. b4 Rh2 30. Rd2 Qf8 31. a3 a5 32. Na2 axb4 33. axb4 Kc7 34. Bf4 Rh8 35. c3 Bd6 36. Rc2 b5 37. Qa7+ Kd8 38. Nc1 Bxb4 39. Bxe5 fxe5 40. cxb4 Qxb4+ 41. Rb2 Qd6 42. Qa5+ Ke7 43. Qd2 Kd8 44. Nb3 Nb6 45. Qa5 Qc7 46. Nc5 Ke7 47. Qd2 Rcg8 48. Qb4 Kf6 49. Ne6 Qd7 50. Bd3 e4 51. Qd4+ Kf7 52. fxe4 Rxg4 53. Qxb6 dxe4 54. Bc2 Rc8 55. Rd1 Qe7 56. Bb3 Kf6 1-0